 Dungeon Crawl Stone Soup version 0.31.0 (webtiles) character file.

Game seed: 2659603173537044159

1206 qw the Skirmisher (level 8, 0/44 HPs)
             Began as a Gargoyle Hunter on Jan 19, 2024.
             Slain by a wight
             ... wielding a +0 battleaxe
              (16 damage)
             ... on level 6 of the Dungeon.
             The game lasted 00:00:41 (4648 turns).

qw the Skirmisher (Gargoyle Hunter)                 Turns: 4648, Time: 00:00:41

Health: 0/44       AC: 13    Str: 14    XL:     8   Next: 45%
Magic:  8/8        EV: 12    Int: 11    God:
Gold:   344        SH:  0    Dex: 15    Spells: 7/7 levels left

rFire   + . .        a - +1 shortbow
rCold   . . .        (shield currently unavailable)
rNeg    + . .        n - +1 ring mail {rF+}
rPois   inf          (helmet restricted)
rElec   +            (no cloak)
rCorr   +            (no gloves)
SInv    .            h - +0 pair of boots
Will    .....        (no amulet)
Stlth   +            g - ring of resist corrosion
HPRegen 0.27/turn    (no ring)
MPRegen 0.11/turn

%: no passive effects
@: no status effects
A: sickness immunity, AC +5, negative energy resistance 1, electricity
resistance, torment resistance 1, petrification resistance, horns 1, frail 1,
MP-powered wands, sturdy frame 1
a: no special abilities


You were on level 6 of the Dungeon.
You visited 2 branches of the dungeon, and saw 7 of its levels.

You collected 344 gold pieces.


Innate Abilities, Weirdness & Mutations

You are immune to sickness and miasma.
Your stone body is resilient. (AC +5)
You are immune to poison.
You resist negative energy. (rN+)
You are resistant to electric shocks. (rElec)
You are resistant to unholy torment.
You are immune to petrification.
You have a pair of small horns on your head.
You are frail. (-10% HP)
You expend magic power (3 MP) to strengthen your wands.
Your movements are slightly less encumbered by armour. (ER -2)


   Skills:
 - Level 5.1 Fighting
 + Level 8.9 Ranged Weapons
 - Level 2.1 Armour
 - Level 3.0 Dodging
 - Level 1.1 Stealth


You had 7 spell levels left.
You didn't know any spells.
Your spell library was empty.

Inventory:

Hand Weapons
 a - a +1 shortbow (weapon)
Armour
 h - a +0 pair of boots (worn)
 n - a +1 ring mail of fire resistance (worn)
Jewellery
 g - a ring of resist corrosion (left hand)
Wands
 c - a wand of digging (9)
 k - a wand of iceblast (3)
Potions
 d - a potion of enlightenment
 e - 4 potions of curing
 f - a potion of cancellation
 i - a potion of heal wounds {unknown}
 j - a potion of might {unknown}

Dungeon Overview and Level Annotations

Branches:
Dungeon (6/15)             Temple (1/1) D:5

Altars:
Ashenzari
Dithmenos
Fedhas
Gozag
Qazlal
Ru
Trog
Uskayaw

Annotations:
D:5 Pikel


Message History

The orc hits you with a +0 dagger. The adder bites you.
The orc priest hits you but does no damage.
You shoot an arrow.
The arrow hits the orc priest but does no damage.
The orc priest is severely wounded.
The adder bites you. The orc misses you.
The orc priest hits you but does no damage.
The adder misses you. The orc hits you but does no damage.
You shoot an arrow.
The arrow closely misses the orc priest.
The orc priest mumbles some strange prayers to Beogh against you.
Pain shoots through your body! The adder closely misses you.
The orc hits you but does no damage.
You shoot an arrow. The arrow barely misses the orc priest.
The orc priest hits you with a +0 dagger.
The adder bites you but does no damage. The orc barely misses you.
You shoot an arrow. The arrow hits the orc priest.
The orc priest is severely wounded.
The adder barely misses you.
The orc priest hits you but does no damage.
The adder bites you but does no damage. The orc closely misses you.
You shoot an arrow. The arrow barely misses the orc priest.
The orc priest hits you but does no damage.
The adder bites you but does no damage. The orc hits you with a +0 dagger.
You shoot an arrow. The arrow hits the orc priest!
You kill the orc priest!
The adder bites you but does no damage.
You shoot an arrow. The arrow hits the adder.
The adder is moderately wounded.
The adder closely misses you. The orc barely misses you.
You shoot an arrow. The arrow closely misses the adder.
The adder bites you but does no damage. The orc closely misses you.
The adder misses you.
You shoot an arrow. The arrow barely misses the adder.
The wight hits you with a +0 battleaxe. The orc closely misses you.
The adder bites you but does no damage.
You shoot an arrow. The arrow hits the adder.
The adder is severely wounded.
The orc misses you. The wight hits you with a +0 battleaxe!
You die...

. .........z ..
........ ... .....o
.... #.... .....#...
.......z##
......o..##
..######o.#
###..@#.##
#....Sz..###
#...........###
#..............###
.................##
..................#
..................##
...................#
.................#


You could see a wight, an adder and an orc.

Vanquished Creatures
  Prince Ribbit (D:6)
  A wyvern (D:5)
  A black bear (D:5)
  An ogre (D:5)
  A lemure (D:4)
  Blork the orc (D:4)
  A scorpion (D:4)
  A bullfrog (D:6)
  2 hounds
  An orc priest (D:6)
  A sleepcap (D:5)
  Natasha (twice) (D:2)
  5 orc wizards
  7 adders
  3 gnolls
  A shadow imp (D:6)
  An ufetubus (D:6)
  2 dart slugs
  5 ribbon worms
  13 orcs
  9 ball pythons
  3 endoplasms (D:1)
  8 giant cockroaches
  11 goblins
  7 hobgoblins
  6 jackals
  5 quokkas
  7 bats
  3 frilled lizards
  7 kobolds
  A rat (D:2)
118 creatures vanquished.

Notes
Turn   | Place    | Note
-------+----------+-------------------------------------------
     0 | D:1      | qw the Gargoyle Hunter began the quest for the Orb.
     0 | D:1      | Reached XP level 1. HP: 12/12 MP: 1/1
     0 | D:1      | 0 ||| qw: Version: 0.3-a-132-g3d54051
     0 | D:1      | 0 ||| qw: Game counter: 298
     0 | D:1      | 0 ||| qw: Melee chars always use a shield: true
     0 | D:1      | 0 ||| qw: God list: Okawaru
     0 | D:1      | 0 ||| qw: Allow faded altars: false
     0 | D:1      | 0 ||| qw: Do Orc after clearing Dungeon:15 true
     0 | D:1      | 0 ||| qw: Do second Lair branch before Depths: true
     0 | D:1      | 0 ||| qw: Lair rune preference: random
     0 | D:1      | 0 ||| qw: Goals: Normal
     0 | D:1      | 0 ||| PLANNING D:1-11
   163 | D:1      | Reached XP level 2. HP: 17/17 MP: 2/2
   510 | D:1      | Reached XP level 3. HP: 21/21 MP: 3/3
   633 | D:1      | 633 ||| DROPPING ring of flight.
   634 | D:1      | 634 ||| UPGRADING to ring of resist corrosion.
   635 | D:1      | 635 ||| READING 2 scrolls labelled VUMMOAPSEI.
   638 | D:1      | 638 ||| READING scroll labelled PUROUW GANUN.
   638 | D:1      | 638 ||| ENCHANTING +0 shortbow.
   639 | D:1      | 639 ||| READING scroll labelled UKHEDE BAKLI.
   639 | D:1      | 639 ||| IDENTIFYING murky black potion
   640 | D:1      | 640 ||| READING scroll labelled SORUAX SEVATO.
   641 | D:1      | 641 ||| DROPPING scroll of butterflies.
   667 | D:2      | 667 ||| STAIRDANCE
   693 | D:2      | 693 ||| STAIRDANCE
   699 | D:1      | Reached skill level 5 in Ranged Weapons
   738 | D:2      | 738 ||| STAIRDANCE
   838 | D:2      | 838 ||| FLEEEEING.
   860 | D:2      | Noticed Natasha
   865 | D:2      | Killed Natasha
   866 | D:2      | Reached skill level 3 in Fighting
   866 | D:2      | Reached XP level 4. HP: 28/28 MP: 4/4
   889 | D:2      | Found a bloodstained altar of Trog.
  1303 | D:2      | 1303 ||| UPGRADING to +0 ring mail.
  1313 | D:2      | 1313 ||| DROPPING +0 leather armour.
  1314 | D:2      | 1314 ||| READING scroll labelled KYPPOUNAAM.
  1315 | D:2      | 1315 ||| FLEEEEING.
  1333 | D:2      | 1333 ||| DRINKING 2 smoky sapphire potions.
  1337 | D:2      | Noticed Natasha
  1347 | D:2      | Killed Natasha
  1348 | D:2      | Reached skill level 1 in Armour
  1348 | D:2      | Reached XP level 5. HP: 13/32 MP: 5/5
  1800 | D:3      | Found a bloodstained altar of Trog.
  1877 | D:3      | 1877 ||| UPGRADING to +1 ring mail of fire resistance.
  1887 | D:3      | 1887 ||| DROPPING +0 ring mail.
  1888 | D:3      | 1888 ||| READING scroll labelled FIOVEM CURUY.
  1889 | D:3      | 1889 ||| READING scroll labelled PICYCI JUKK.
  1890 | D:3      | 1890 ||| READING scroll labelled QAIRGHEOL SIKI.
  1907 | D:4      | Noticed Blork the orc
  1914 | D:4      | 1914 ||| STAIRDANCE
  1918 | D:3      | 1918 ||| FLEEEEING.
  1921 | D:3      | 1921 ||| STAIRDANCE
  1951 | D:4      | Killed Blork the orc
  1952 | D:4      | Reached skill level 6 in Ranged Weapons
  1981 | D:4      | Reached XP level 6. HP: 23/39 MP: 6/6
  1992 | D:4      | 1992 ||| FLEEEEING.
  1998 | D:4      | 1998 ||| STAIRDANCE
  2147 | D:4      | 2147 ||| FLEEEEING.
  2155 | D:4      | 2155 ||| STAIRDANCE
  2186 | D:3      | 2186 ||| READING scroll of identify.
  2186 | D:3      | 2186 ||| IDENTIFYING sedimented purple potion
  2187 | D:3      | 2187 ||| DRINKING 2 inky potions.
  2188 | D:3      | 2188 ||| DROPPING potion of berserk rage.
  2189 | D:3      | 2189 ||| DROPPING potion of degeneration.
  2297 | D:4      | Found a broken altar of Ashenzari.
  2509 | D:4      | 2509 ||| FLEEEEING.
  2511 | D:4      | 2511 ||| STAIRDANCE
  2516 | D:3      | 2516 ||| STAIRDANCE
  2528 | D:2      | 2528 ||| DRINKING 2 bubbling amethyst potions.
  2528 | D:2      | Gained mutation: You are frail. (-10% HP) [potion of
                  | mutation]
  2528 | D:2      | Gained mutation: Your mind is acute. (Int +4, Str/Dex -1)
                  | [potion of mutation]
  2528 | D:2      | Gained mutation: Your movements are slightly less
                  | encumbered by armour. (ER -2) [potion of mutation]
  2529 | D:2      | 2529 ||| DRINKING potion of mutation.
  2529 | D:2      | Lost mutation: Your mind is acute. (Int +4, Str/Dex -1)
                  | [potion of mutation]
  2529 | D:2      | Lost mutation: You are frail. (-10% HP) [potion of
                  | mutation]
  2529 | D:2      | Gained mutation: You are frail. (-10% HP) [potion of
                  | mutation]
  2529 | D:2      | Gained mutation: You expend magic power (3 MP) to
                  | strengthen your wands. [potion of mutation]
  2529 | D:2      | Gained mutation: You have a pair of small horns on your
                  | head. [potion of mutation]
  2543 | D:4      | 2543 ||| STAIRDANCE
  2545 | D:3      | 2545 ||| DRINKING 4 potions of curing.
  2545 | D:3      | 2545 ||| (to cure confusion)
  2672 | D:4      | 2672 ||| UPGRADING to +0 pair of boots.
  2696 | D:5      | Entered Level 5 of the Dungeon
  2696 | D:5      | Noticed Pikel
  2697 | D:5      | 2697 ||| PLANNING SEWER
  2697 | D:5      | 2697 ||| STAIRDANCE
  2708 | D:4      | HP: 7/35 [lemure[Pikel] (4)]
  2709 | D:4      | 2709 ||| READING scroll of teleportation.
  2710 | D:4      | HP: 3/35 [lemure[Pikel] (5)]
  2717 | D:4      | 2717 ||| FLEEEEING.
  2718 | D:4      | 2718 ||| FLEEEEING.
  2719 | D:4      | 2719 ||| FLEEEEING.
  2720 | D:4      | 2720 ||| FLEEEEING.
  2721 | D:4      | 2721 ||| FLEEEEING.
  2722 | D:4      | 2722 ||| FLEEEEING.
  2726 | D:4      | 2726 ||| FLEEEEING.
  2727 | D:4      | 2727 ||| FLEEEEING.
  2728 | D:4      | 2728 ||| FLEEEEING.
  2729 | D:4      | 2729 ||| FLEEEEING.
  2730 | D:4      | 2730 ||| FLEEEEING.
  2731 | D:4      | 2731 ||| FLEEEEING.
  2732 | D:4      | 2732 ||| FLEEEEING.
  2733 | D:4      | 2733 ||| FLEEEEING.
  2734 | D:4      | 2734 ||| FLEEEEING.
  2735 | D:4      | 2735 ||| FLEEEEING.
  2736 | D:4      | 2736 ||| FLEEEEING.
  2737 | D:4      | 2737 ||| FLEEEEING.
  2738 | D:4      | 2738 ||| FLEEEEING.
  2739 | D:4      | 2739 ||| FLEEEEING.
  2740 | D:4      | 2740 ||| FLEEEEING.
  2742 | D:4      | 2742 ||| STAIRDANCE
  2747 | D:3      | 2747 ||| STAIRDANCE
  2873 | D:4      | 2873 ||| FLEEEEING.
  2874 | D:4      | 2874 ||| STAIRDANCE
  2879 | D:3      | 2879 ||| STAIRDANCE
  2994 | D:5      | 2994 ||| RETREEEEATING.
  2995 | D:5      | 2995 ||| RETREEEEATING.
  2996 | D:5      | 2996 ||| STAIRDANCE
  2998 | D:4      | 2998 ||| FLEEEEING.
  3033 | D:4      | 3033 ||| READING scroll labelled XEANOD OVAU.
  3034 | D:4      | 3034 ||| FLEEEEING.
  3036 | D:4      | 3036 ||| STAIRDANCE
  3162 | D:5      | 3162 ||| STAIRDANCE
  3177 | D:4      | 3177 ||| FLEEEEING.
  3180 | D:4      | 3180 ||| STAIRDANCE
  3185 | D:3      | 3185 ||| STAIRDANCE
  3227 | D:5      | 3227 ||| STAIRDANCE
  3234 | D:5      | 3234 ||| STAIRDANCE
  3251 | D:5      | 3251 ||| STAIRDANCE
  3253 | D:4      | 3253 ||| FLEEEEING.
  3256 | D:4      | 3256 ||| STAIRDANCE
  3315 | D:5      | Reached skill level 7 in Ranged Weapons
  3329 | D:5      | Found a staircase to the Ecumenical Temple.
  3358 | D:5      | Reached XP level 7. HP: 27/39 MP: 7/7
  3358 | D:5      | 3358 ||| FLEEEEING.
  3359 | D:5      | 3359 ||| FLEEEEING.
  3360 | D:5      | 3360 ||| FLEEEEING.
  3361 | D:5      | 3361 ||| FLEEEEING.
  3362 | D:5      | 3362 ||| FLEEEEING.
  3363 | D:5      | 3363 ||| FLEEEEING.
  3364 | D:5      | 3364 ||| FLEEEEING.
  3364 | D:5      | Noticed a wyvern
  3365 | D:5      | 3365 ||| FLEEEEING.
  3366 | D:5      | 3366 ||| FLEEEEING.
  3367 | D:5      | 3367 ||| ZAPPING wand of paralysis (10) at -1,0 (wyvern;
                  | deep_water).
  3368 | D:5      | 3368 ||| FLEEEEING.
  3369 | D:5      | 3369 ||| FLEEEEING.
  3370 | D:5      | 3370 ||| FLEEEEING.
  3371 | D:5      | 3371 ||| DRINKING 3 potions of curing.
  3371 | D:5      | 3371 ||| (to cure confusion)
  3372 | D:5      | 3372 ||| FLEEEEING.
  3373 | D:5      | 3373 ||| FLEEEEING.
  3374 | D:5      | 3374 ||| FLEEEEING.
  3375 | D:5      | 3375 ||| FLEEEEING.
  3376 | D:5      | 3376 ||| FLEEEEING.
  3377 | D:5      | 3377 ||| FLEEEEING.
  3378 | D:5      | 3378 ||| FLEEEEING.
  3381 | D:5      | 3381 ||| FLEEEEING.
  3382 | D:5      | 3382 ||| FLEEEEING.
  3383 | D:5      | 3383 ||| FLEEEEING.
  3384 | D:5      | 3384 ||| FLEEEEING.
  3385 | D:5      | 3385 ||| STAIRDANCE
  3390 | D:4      | 3390 ||| STAIRDANCE
  3396 | D:3      | 3396 ||| FLEEEEING.
  3397 | D:3      | 3397 ||| STAIRDANCE
  3457 | D:2      | 3457 ||| READING scroll of identify.
  3457 | D:2      | 3457 ||| IDENTIFYING smoky brown potion
  3458 | D:2      | 3458 ||| DROPPING potion of brilliance.
  3477 | D:5      | 3477 ||| STAIRDANCE
  3491 | D:5      | 3491 ||| STAIRDANCE
  3493 | D:4      | 3493 ||| FLEEEEING.
  3496 | D:4      | 3496 ||| STAIRDANCE
  3498 | D:3      | 3498 ||| RIP SEWER
  3498 | D:3      | 3498 ||| PLANNING TEMPLE
  3501 | D:3      | 3501 ||| STAIRDANCE
  3550 | Temple   | Entered the Ecumenical Temple
  3551 | Temple   | 3551 ||| PLANNING D:1-11
  3566 | D:5      | 3566 ||| ZAPPING wand of paralysis (9) at -1,1 (wyvern;
                  | floor).
  3567 | D:5      | 3567 ||| ZAPPING wand of paralysis (8) at -1,1 (wyvern;
                  | floor).
  3568 | D:5      | 3568 ||| ZAPPING wand of paralysis (7) at -1,1 (wyvern;
                  | floor).
  3569 | D:5      | 3569 ||| ZAPPING wand of paralysis (6) at -1,1 (wyvern;
                  | floor).
  3570 | D:5      | 3570 ||| ZAPPING wand of paralysis (5) at -1,1 (wyvern;
                  | floor).
  3585 | D:5      | 3585 ||| ZAPPING wand of paralysis (4) at -1,1 (wyvern;
                  | floor).
  3585 | D:5      | HP: 2/39 [wyvern (15)]
  3586 | D:5      | 3586 ||| ZAPPING wand of paralysis (3) at -1,1 (wyvern;
                  | floor).
  3593 | D:5      | Killed a wyvern
  3654 | D:5      | 3654 ||| FLEEEEING.
  3817 | D:5      | Reached skill level 8 in Ranged Weapons
  4138 | D:5      | Reached XP level 8. HP: 44/44 MP: 8/8
  4278 | D:5      | 4278 ||| READING scroll of identify.
  4278 | D:5      | 4278 ||| IDENTIFYING fizzy brown potion
  4496 | D:6      | Noticed Prince Ribbit
  4497 | D:6      | 4497 ||| ZAPPING wand of iceblast (7) at 2,-1 (floor).
  4498 | D:6      | 4498 ||| ZAPPING wand of paralysis (2) at -6,3 (Prince
                  | Ribbit; floor).
  4501 | D:6      | 4501 ||| ZAPPING wand of paralysis (1) at -6,6 (Prince
                  | Ribbit; floor).
  4502 | D:6      | 4502 ||| ZAPPING wand of iceblast (6) at -5,5 (Prince
                  | Ribbit; floor).
  4503 | D:6      | 4503 ||| ZAPPING wand of iceblast (5) at -3,-1 (Prince
                  | Ribbit; floor).
  4504 | D:6      | 4504 ||| ZAPPING wand of iceblast (4) at -2,0 (Prince
                  | Ribbit; floor).
  4504 | D:6      | Killed Prince Ribbit
  4505 | D:6      | Reached skill level 3 in Dodging
  4620 | D:6      | 4620 ||| RETREEEEATING.
  4626 | D:6      | 4626 ||| RETREEEEATING.
  4648 | D:6      | Slain by a wight

Levels and vault maps discovered:
D:1:      enne_arrival_octagon_isle, layout_basic,
          chequers_serial_rivers_micro_a, minmay_misc_feat_x,
          chequers_serial_rivers_room_a, moated_statue
D:2:      kennysheep_the_goblin_king, layout_basic, basic_altar, uniq_natasha
D:3:      layout_rooms, trog_book
D:4:      layout_basic, kennysheep_little_box, nicolae_zen_rock_garden,
          uniq_blork_the_orc
D:5:      layout_loops_ring, temple_pool_b, gup_sewer_entry_pipe,
          nrook_pool_corridor, uniq_pikel
D:6:      layout_cave_pods, grunt_temple_overflow_holy_war,
          kennysheep_mini_moat, uniq_prince_ribbit1
Temple:   nicolae_temple_bog_church

Skill      XL: |  1  2  3  4  5  6  7  8 |
---------------+-------------------------+-----
Ranged Weapons | 5 6 7 8 |  8.9
Fighting       | 3 4 5 |  5.1
Armour         | 1 2 |  2.1
Dodging        | 3 |  3.0
Stealth        | |  1.1

Action                     |  1- 3 |  4- 6 |  7- 9 || total
---------------------------+-------+-------+-------++-------
   Fire: Shortbow          |   102 |   281 |   147 ||   530
  Evoke: Wand              |       |       |    14 ||    14
    Use: Scroll            |     4 |     7 |     2 ||    13
         Potion            |       |     5 |     1 ||     6
 Armour: Leather armour    |    33 |     9 |       ||    42
         Ring mail         |       |   122 |    69 ||   191
  Dodge: Dodged            |    38 |    98 |    52 ||   188

Table legend:
 A = Non-vault XP
 B = Vault XP
 C = Vault XP percentage of total XP
 D = Non-vault monster count
 E = Vault monster count
 F = Vault count percentage of total count
                 A         B        C        D         E       F
            +---------+---------+-------+---------+---------+-------
      Total |    1303 |     421 |  24.4 |     100 |      17 |  14.5
            +---------+---------+-------+---------+---------+-------
        D:1 |      40 |       0 |   0.0 |      21 |       0 |   0.0
        D:2 |      77 |      49 |  38.9 |      18 |       8 |  30.8
        D:3 |      69 |       0 |   0.0 |      14 |       0 |   0.0
        D:4 |     254 |      94 |  27.0 |      22 |       1 |   4.3
        D:5 |     617 |      14 |   2.2 |      12 |       7 |  36.8
        D:6 |     246 |     264 |  51.8 |      13 |       1 |   7.1
            +---------+---------+-------+---------+---------+-------
